Map: 캑터스 밸리 - 래더 (공허)

Players

GuMiho - Winner!

  • Race: Terran Terran
  • Spawn Location: 7:00

uThermal

  • Race: Terran Terran
  • Spawn Location: 1:00

Event: IEM XI Katowice - World Championship 2017

VOD

Have the link to the VOD?

Description

Time

  • Played on: March 3, 2017, 3:38 a.m.
  • Length: 13:01

All games in this series

Show
View Real Time Build Order
Export as new Build Order

GuMiho Terran - Winner!

Build Orders: Reaper Expand, MMM Bio 

Get SALT Encoding   

  12  0:00  SCV  
  13  0:12  SCV  
  14  0:18  Supply Depot  
  14  0:25  SCV  
  14  0:27  Refinery  
  15  0:39  SCV  
  16  0:44  Barracks  
  16  0:51  SCV  
  17  1:04  SCV  
  18  1:16  SCV  
  19  1:30  Orbital Command  
  19  1:31  Reaper  
  20  1:42  Command Center  
  20  1:52  Factory  
  20  1:56  SCV  
  21  2:03  Refinery  
  21  2:05  Barracks Reactor  
  21  2:08  SCV  
  22  2:14  Supply Depot  
  22  2:20  SCV  
  23  2:35  SCV  
  23  2:36  Starport  
  24  2:43  Hellion  
  24  2:44  Hellion  
  28  2:48  SCV  
  29  2:56  Orbital Command  
  29  2:59  Barracks Tech Lab  
  29  3:00  SCV  
  30  3:06  Hellion  
  30  3:11  Hellion  
  34  3:19  SCV  
  32  3:32  Cyclone x2  
  38  3:35  SCV x2  
  40  3:42  Viking  
  40  3:46  Supply Depot  
  42  3:49  SCV  
  42  3:51  SCV  
  44  4:02  SCV  
  45  4:03  SCV  
  45  4:04  Engineering Bay  
  45  4:08  Cyclone  
  49  4:11  Cyclone  
  51  4:23  SCV  
  51  4:24  SCV  
  52  4:31  Viking  
  54  4:37  Supply Depot  
  54  4:41  Supply Depot  
  54  4:44  Barracks Reactor  
  54  4:55  Refinery  
  54  4:59  SCV x2  
  56  5:00  Hellion x2  
  56  5:05  Supply Depot  
  60  5:11  SCV x2  
  62  5:23  SCV x2  
  62  5:25  Raven, Hellion x2  
  70  5:35  SCV x2  
  72  5:39  Supply Depot  
  72  5:40  Command Center  
  72  5:47  SCV  
  73  5:50  Barracks  
  73  5:51  SCV  
  73  5:52  Factory Tech Lab  
  73  5:54  Terran Infantry Weapons Level 1  
  73  5:55  Engineering Bay  
  73  5:56  Barracks Tech Lab  
  74  5:57  Refinery  
  74  5:59  SCV  
  74  6:03  SCV  
  69  6:12  SCV  
  69  6:15  Marine, SCV  
  69  6:16  Starport Reactor, Stimpack  
  72  6:24  Siege Tank, SCV  
  76  6:26  Terran Infantry Armor Level 1  
  76  6:27  SCV  
  77  6:36  Marine  
  77  6:38  Marine x2  
  80  6:40  Factory, SCV x2  
  80  6:41  Barracks  
  80  6:45  Supply Depot  
  80  6:46  Supply Depot  
  78  6:54  Marine, SCV x2  
  64  6:55  Marine  
  65  7:01  Marine  
  66  7:10  Orbital Command  
  66  7:11  Marine  
  66  7:14  SCV x2  
  69  7:23  Siege Tank  
  69  7:26  SCV  
  73  7:30  Armory  
  73  7:33  Orbital Command  
  73  7:37  SCV  
  73  7:39  SCV  
  75  7:49  SCV  
  75  7:51  Marine x4, SCV  
  77  7:52  Marine, Medivac  
  82  8:02  SCV  
  82  8:03  SCV  
  84  8:08  Marine  
  84  8:09  Marine x2  
  88  8:12  Marine  
  88  8:13  Marine  
  88  8:14  SCV, Orbital Command  
  88  8:18  Terran Infantry Weapons Level 2  
  91  8:23  Terran Infantry Armor Level 2  
  91  8:26  Marine x2  
  89  8:27  Marine, SCV x2  
  89  8:30  Marine x2  
  93  8:39  SCV  
  96  8:41  SCV x2  
  96  8:44  Marine x2  
  96  8:45  Marine  
  88  8:53  Orbital Command  
  83  8:58  Marine  
  83  8:59  SCV x2  
  86  9:04  Medivac x2  
  86  9:05  Combat Shields, Barracks x2  
  86  9:07  Marine x4  
  94  9:13  Siege Tank  
  97  9:19  SCV x2  
  97  9:23  Marine  
  96  9:25  Marine  
  96  9:28  Marine  
  96  9:30  Marine x2  
  81  9:36  SCV x2  
  81  9:38  SCV  
  78  9:40  Marine, Medivac x2  
  78  9:42  Marine  
  84  9:47  Siege Tank  
  84  9:48  Sensor Tower  
  84  9:52  Siege Tank  
  89  9:55  SCV x2  
  89  9:59  Marine x2  
  92  10:02  Marine x2  
  92  10:04  Barracks Reactor x2  
  95  10:10  Marine  
  96  10:17  Marine x2  
  96  10:20  Marine x2  
  96  10:21  Viking  
  102  10:24  Viking  
  104  10:29  Marine  
  104  10:35  Marine x2, Siege Tank  
  109  10:38  Marine  
  109  10:40  Marine x4  
  109  10:41  Marine  
  116  10:48  Supply Depot  
  116  10:56  Medivac x2  
  120  10:59  Marine  
  120  11:04  Marine x2  
  121  11:05  Marine x2  
  121  11:07  Marine x4  
  123  11:17  Marine  
  123  11:18  Orbital Command  
  123  11:21  Marine  
  123  11:22  Marine x2  
  123  11:23  Marine  
  123  11:25  Marine x2  
  122  11:37  Marine x3  
  122  11:39  Marine  
  119  11:40  Marine  
  120  12:06  Marine x2  
  122  12:09  Marine x3  
  122  12:10  Marine x4  
  128  12:18  Orbital Command  
  125  12:24  Marine x2  
  125  12:27  Marine x5  
  125  12:30  Marine x2  
  124  12:41  Marine  
  124  12:42  Marine  
Show
View Real Time Build Order
Export as new Build Order

uThermal Terran 

Build Orders: 1/1/1, MMM Bio 

Get SALT Encoding   

  12  0:01  SCV  
  13  0:14  SCV  
  14  0:17  Supply Depot  
  14  0:26  SCV  
  14  0:28  Refinery  
  15  0:39  SCV  
  16  0:45  Barracks  
  16  0:51  SCV  
  16  0:56  Refinery  
  17  1:03  SCV  
  18  1:15  SCV  
  20  1:32  Reaper, Orbital Command  
  20  1:35  Factory  
  20  1:46  Supply Depot  
  20  1:58  SCV  
  21  2:04  Reaper  
  22  2:10  SCV  
  23  2:20  Hellion  
  23  2:21  Starport  
  23  2:22  SCV  
  26  2:31  Supply Depot  
  26  2:37  Reaper  
  27  2:38  SCV  
  27  2:41  Hellion  
  30  2:50  SCV  
  31  2:58  Medivac  
  33  3:01  Supply Depot  
  33  3:03  Hellion  
  35  3:05  SCV  
  35  3:09  Reaper  
  37  3:19  SCV  
  38  3:34  Starport Tech Lab, Hellion  
  39  3:43  SCV, Barracks Reactor  
  39  3:46  Command Center  
  40  3:54  Raven  
  42  3:56  SCV  
  42  3:59  Factory Tech Lab  
  43  4:03  Supply Depot  
  43  4:08  SCV  
  44  4:19  Siege Tank  
  44  4:23  Marine  
  44  4:30  Marine  
  44  4:31  SCV  
  46  4:38  Raven  
  46  4:41  Marine  
  46  4:43  SCV  
  50  4:47  Marine  
  51  4:55  SCV  
  51  4:57  Siege Tank  
  51  4:59  Orbital Command  
  55  5:00  Marine  
  55  5:05  Marine  
  57  5:07  Supply Depot, SCV  
  56  5:17  Supply Depot  
  56  5:18  Marine  
  56  5:19  SCV  
  54  5:23  Marine  
  54  5:25  SCV  
  56  5:29  Siege Tank  
  56  5:31  SCV  
  60  5:37  SCV  
  61  5:43  SCV  
  61  5:45  Starport Reactor  
  61  5:48  Supply Depot  
  61  5:49  SCV, Barracks x2  
  63  5:52  Marine  
  63  5:53  Stimpack  
  63  5:55  SCV  
  64  5:58  Refinery  
  64  5:59  Refinery  
  64  6:01  SCV  
  62  6:07  SCV  
  63  6:13  SCV  
  63  6:14  Marine  
  65  6:20  SCV  
  65  6:23  Supply Depot  
  65  6:25  SCV  
  67  6:30  Barracks x2  
  67  6:32  SCV  
  68  6:33  Starport Reactor  
  68  6:37  Marine x2, SCV  
  68  6:38  Marine  
  72  6:44  SCV  
  72  6:46  Marine  
  72  6:50  Marine  
  73  6:55  Marine x2  
  73  6:56  Marine, SCV  
  73  6:59  Siege Tank  
  77  7:04  Marine  
  77  7:05  Supply Depot  
  77  7:08  Marine  
  79  7:09  Medivac  
  79  7:11  Medivac  
  79  7:12  Command Center  
  79  7:13  Marine  
  84  7:18  Supply Depot, Barracks Reactor  
  84  7:19  Marine, Barracks Reactor  
  85  7:25  Marine x2  
  85  7:26  Marine  
  88  7:31  Siege Tank  
  88  7:33  Marine  
  91  7:37  Marine  
  91  7:40  Supply Depot  
  91  7:41  Engineering Bay  
  91  7:43  Marine x2  
  94  7:45  Marine  
  95  7:51  Marine, Medivac  
  95  7:55  Marine, Combat Shields  
  95  7:56  Marine  
  95  7:57  Marine  
  101  8:00  Marine  
  101  8:02  Marine x2  
  99  8:09  Marine  
  97  8:14  Marine x2  
  97  8:15  Marine  
  97  8:18  Marine  
  97  8:19  Marine  
  99  8:22  Marine  
  98  8:27  Medivac  
  98  8:31  Medivac  
  102  8:36  Marine  
  102  8:37  Marine  
  104  8:46  Marine x2  
  104  8:47  Marine x2  
  97  8:55  Marine x2  
  76  8:57  Medivac  
  76  9:02  Siege Tank  
  78  9:08  Orbital Command  
  78  9:12  SCV  
  78  9:17  Terran Infantry Weapons Level 1  
  78  9:22  SCV  
  78  9:24  SCV  
  68  9:33  Marine  
  68  9:34  Marine, SCV x2  
  68  9:35  Marine  
  68  9:36  SCV  
  68  9:38  Marine  
  72  9:41  Marine  
  72  9:44  Marine  
  75  9:46  SCV  
  75  9:47  Marine  
  75  9:48  Medivac  
  79  9:53  Medivac  
  79  9:57  Marine  
  79  9:59  Marine x2  
  84  10:02  Marine  
  84  10:06  Marine x2  
  87  10:07  Marine x2  
  87  10:10  Liberator x2, Marine  
  87  10:12  Siege Tank  
  93  10:17  Marine x2  
  93  10:18  Marine  
  102  10:30  Marine x2  
  102  10:31  Marine  
  102  10:32  Marine  
  102  10:33  Marine  
  102  10:34  Marine  
  108  10:37  Marine  
  108  10:40  Marine x2  
  111  10:48  Marine x2  
  111  10:49  Marine  
  114  10:50  Marine  
  114  10:51  Marine  
  114  10:52  Marine  
  117  11:02  Marine  
  117  11:05  Marine x2  
  117  11:07  Marine x2  
  117  11:10  Marine x2  
  87  11:21  Marine  
  87  11:22  Marine  
  87  11:23  Marine x2  
  87  11:24  Siege Tank  
  87  11:25  Marine x2  
  87  11:28  Marine x2  
  89  11:36  Marine  
  89  11:39  Marine  
  84  11:40  Marine  
  84  11:41  Marine x2, SCV  
  84  11:42  Marine  
  84  11:44  Medivac  
  91  11:47  Medivac  
  91  11:50  Marine  
  91  11:51  Marine  
  91  11:54  Marine  
  96  12:03  Marine  
  96  12:04  Marine x3  
  100  12:10  Marine  
  100  12:11  Marine x2  
  103  12:16  Marine x2  
  103  12:20  Marine  
  103  12:21  Marine  
  103  12:22  Marine  
  108  12:27  Marine x2  
  108  12:29  Marine x2  
  102  12:34  Marine  
  102  12:35  Marine  
  98  12:39  Marine  

Tags
 
Add a new tag
Caveats
  • Supply blocks, unpowered buildings, or Contaminate may cause inaccurate times.
  • Supply counts are checked every 10 seconds.